 Dungeon Crawl Stone Soup version 0.26-a0-757-g626ac9e51a (webtiles) character file.

Game seed: 2162378216253881165

23 miscthings the Sneak (level 2, -10/27 HPs)
             Began as a Palentonga Delver on Nov 8, 2020.
             Mangled by an iguana (13 damage)
             ... on level 5 of the Dungeon.
             The game lasted 00:00:21 (295 turns).

miscthings the Sneak (Palentonga Delver)             Turns: 295, Time: 00:00:21

Health: -10/27     AC:  4    Str: 15    XL:     2   Next: 75%
Magic:  2/2        EV:  9    Int: 10    God:
Gold:   0          SH:  0    Dex: 11    Spells: 1/1 levels left

rFire    . . .     SeeInvis +   a - +0 hand axe
rCold    . . .     Faith    .   (no shield)
rNeg     . . .     Spirit   .   b - +0 leather armour
rPois    .         Reflect  .   (no helmet)
rElec    .         Harm     .   (no cloak)
rCorr    .         Rampage  .   (no gloves)
MR       .....                  (no barding)
Stlth    ++........             (no amulet)
HPRegen  0.09/turn              (no ring)
MPRegen  0.08/turn              (no ring)

@: no status effects
A: large, rugged brown scales 3, see invisible, deformed body, roll, armoured
tail
a: Rolling Charge


You were on level 5 of the Dungeon.
You visited 1 branch of the dungeon, and saw 1 of its levels.

Inventory:

Hand Weapons
 a - a +0 hand axe (weapon)
Armour
 b - a +0 leather armour (worn)
Wands
 g - a wand of digging (3)
Scrolls
 c - a scroll of fog
 d - a scroll of magic mapping
 e - a scroll of fear
 h - a scroll of enchant armour {unknown}
 i - a scroll of remove curse {unknown}
Potions
 f - a potion of haste
 j - a potion of curing {unknown}


   Skills:
 - Level 3.0 Fighting
 + Level 3.3 Axes
 - Level 1.5 Dodging
 - Level 3.3 Stealth


You had one spell level left.
You didn't know any spells.
Your spell library was empty.

Dungeon Overview and Level Annotations

Branches:
Dungeon (5/15)
 Temple: D:4-7

Altars:


Innate Abilities, Weirdness & Mutations

You are completely covered in rugged brown scales. (AC +3, +7% HP)
You have supernaturally acute eyesight. (SInv)
Armour fits poorly on your strangely shaped body.
You can roll at foes to attack.
You have a long armoured tail.


Message History

The iguana bites you! The iguana bites you.
* * * LOW HITPOINT WARNING * * *
You barely miss the iguana.
The iguana is severely wounded.
The iguana bites you but does no damage.
You hit the iguana but do no damage.
The iguana is severely wounded.
The iguana closely misses you.
You hit the iguana but do no damage.
The iguana is severely wounded.
The iguana bites you.
* * * LOW HITPOINT WARNING * * *
You hit the iguana.
The iguana is almost dead.
The iguana bites you.
* * * LOW HITPOINT WARNING * * *
Your leather armour prevents you from hitting the iguana.
The iguana is almost dead.
The iguana bites you!
You die...

.## #.... ....##....
####....##...
#######.#.........#
.......#.....#...##
.........###....###
#.......##.!.##..#
###...............#
####............@l...#
#................?##....
#.....#..........## ?
................(.#
...#.###.........##
...####.........##
##...>........####
##...............###
#...........(......#


You could see an iguana.

Vanquished Creatures
  A worker ant (D:5)
1 creature vanquished.

Notes
Turn   | Place    | Note
-------+----------+-------------------------------------------
     0 | D:5      | miscthings the Palentonga Delver began the quest for the
                  | Orb.
     0 | D:5      | Reached XP level 1. HP: 20/20 MP: 1/1
    35 | D:5      | Noticed a worker ant
    35 | D:5      | Noticed a hound
    45 | D:5      | Killed a worker ant
    45 | D:5      | Reached XP level 2. HP: 17/27 MP: 2/2
   295 | D:5      | Mangled by an iguana

Illustrated notes

Levels and vault maps discovered:
D:5:      layout_cave_pools, basic_altar, uniq_crazy_yiuf_cottage

Skill      XL: |  1 |
---------------+----+-----
Axes           | 3 |  3.3
Fighting       | |  3.0
Dodging        | |  1.5
Stealth        | |  3.3

Action                   || total
-------------------------++-------
Melee: Hand axe          ||    11
       Tailslap          ||     1
 Abil: Rolling Charge    ||     1
Armor: Leather armour    ||     1
Dodge: Dodged            ||     3

Table legend: (Time is in decaauts)
 A = Elapsed time spent in this place.
 B = Non-inter-level travel time spent in this place.
 C = Inter-level travel time spent in this place.
 D = Time resting spent in this place.
 E = Time spent auto-exploring this place.
 F = Levels seen in this place.
 G = Mean time per level.
                   A        B        C        D        E       F      G
               +--------+--------+--------+--------+--------+-----+--------+
         Total |    296 |    296 |      0 |    199 |     34 |   1 |  296.0 |
       Dungeon |    296 |    296 |      0 |    199 |     34 |   1 |  296.0 |
               +--------+--------+--------+--------+--------+-----+--------+

Top non-repeatable levels by time:
     D:5: 296 daAuts
